 Dungeon Crawl Stone Soup version 0.18-a0-626-geb0fed7 (webtiles) character file.

764 Proton the Shield-Bearer (level 8, -6/63 HPs)
             Began as a Formicid Fighter on Dec 4, 2015.
             Was an Initiate of Ru.
             Mangled by Menkaure (9 damage)
             ... on level 5 of the Dungeon.
             The game lasted 00:09:10 (3738 turns).

Proton the Shield-Bearer (Formicid Fighter)         Turns: 3738, Time: 00:09:10

Health: -6/63      AC:  7    Str: 23    XL:     8   Next: 8%
Magic:  17/17      EV: 10    Int:  8    God:    Ru [......]
Gold:   140        SH: 10    Dex: 10    Spells: 0 memorised, 7 levels left

rFire  . . .     SeeInvis +     a - +0 war axe
rCold  . . .     Clarity  .     b - +0 scale mail
rNeg   . . .     SustAt   .     c - +0 shield
rPois  .         Gourm    .     (helmet unavailable)
rElec  .         Spirit   .     (no cloak)
rCorr  .         Dismiss  .     (no gloves)
rMut   .         Stasis   +     (no boots)
MR     .....                    (no amulet)
Stlth  ..........               (no ring)
                                r - ring of magical power

@: not resistant to hostile enchantments, extremely unstealthy
A: permanent stasis, dig shafts and tunnels, four strong arms, antennae 3
a: Dig, Shaft Self, Renounce Religion


You were on level 5 of the Dungeon.
You worshipped Ru.
Ru was noncommittal.
You were not hungry.

You visited 1 branch of the dungeon, and saw 5 of its levels.

You collected 140 gold pieces.

Inventory:

Hand Weapons
 a - a +0 war axe (weapon)
Armour
 b - a +0 scale mail (worn)
 c - a +0 shield (worn)
Jewellery
 r - a ring of magical power (left hand)
Scrolls
 g - 4 scrolls of teleportation {unknown}
 h - 2 scrolls of magic mapping {unknown}
 i - a scroll of amnesia {unknown}
 j - a scroll of random uselessness {unknown}
 k - 3 scrolls of identify {unknown}
 l - 2 scrolls of noise {unknown}
 m - 2 scrolls of remove curse
 n - a scroll of enchant weapon {unknown}
 o - a scroll of enchant armour {unknown}
 p - a scroll of recharging {unknown}
 q - a scroll of fear {unknown}
Potions
 d - a potion of might
 f - 2 potions of curing {unknown}
 s - 2 potions of cancellation {unknown}
 t - a potion of degeneration {unknown}
 u - a potion of lignification {unknown}
 v - a potion of haste {unknown}
Comestibles
 e - 2 bread rations


   Skills:
 + Level 5.5 Fighting
 + Level 3.9 Axes
 + Level 5.1 Armour
 + Level 3.1 Dodging
 + Level 5.9 Shields


You had 7 spell levels left.
You didn't know any spells.

Dungeon Overview and Level Annotations

Branches:
Dungeon (5/15)
 Temple: D:4-7

Altars:
Gozag
Ru

Annotations:
D:5 Menkaure


Innate Abilities, Weirdness & Mutations

You are under a permanent stasis effect.
You can dig through walls and to a lower floor.
Your four strong arms can wield two-handed weapons with a shield.
You have a pair of large antennae on your head (SInv).


Message History

You hit Menkaure.
Menkaure is heavily damaged.
You miss the adder.
Menkaure calls on the powers of darkness!
The adder convulses!
Your body is wracked with pain!
The adder bites you but does no damage. Menkaure hits you!
You barely miss Menkaure.
Menkaure is heavily damaged.
You hit the adder.
The adder is heavily wounded.
You block the adder's attack. You block Menkaure's attack.
The adder closely misses you.
You hit Menkaure but do no damage.
Menkaure is heavily damaged.
You closely miss the adder.
The adder is heavily wounded.
Menkaure hits you!!
* * * LOW HITPOINT WARNING * * *
The adder bites you but does no damage. Menkaure hits you!
You die...

#........#..
##>......<..#
#...........####
..[.............
#.......?......
.............## #
#.....#......#####
#.##...#[...........
....<......#@#.##..
...........#SM..#
#.........##..#..#
#.........##..# ..#
#.............## .#
#......>........ #
########...##.....
#.# ###.###.... #.#
####.###....


You could see Menkaure and an adder.

Vanquished Creatures
  The ghost of P0WERM0DE the Spear-Bearer, an amateur MfSk (D:4)
  An ogre (D:4)
  A centaur (D:5)
  A hound (D:4)
  2 orc priests
  6 orc wizards
  An iguana (D:4)
  Natasha (thrice) (D:2 D:3)
  A hound skeleton (D:4)
  5 adders
  2 oozes
  An adder zombie (D:5)
  A worm (D:2)
  4 giant geckos
  13 orcs
  3 ball pythons
  6 giant cockroaches
  8 hobgoblins
  5 quokkas
  3 bats
  4 giant newts
  7 goblins
  6 jackals
  A jackal skeleton (D:4)
  3 kobolds (D:1)
  11 rats
100 creatures vanquished.

Notes
Turn   | Place    | Note
--------------------------------------------------------------
     0 | D:1      | Proton the Formicid Fighter began the quest for the Orb.
     0 | D:1      | Reached XP level 1. HP: 18/18 MP: 1/1
     9 | D:1      | Noticed an ogre
    65 | D:1      | Reached XP level 2. HP: 20/24 MP: 2/2
   436 | D:1      | Reached skill level 1 in Dodging
   436 | D:1      | Reached XP level 3. HP: 29/29 MP: 3/3
  1184 | D:2      | Reached skill level 4 in Shields
  1239 | D:2      | Noticed Natasha
  1246 | D:2      | Killed Natasha
  1246 | D:2      | Reached XP level 4. HP: 30/37 MP: 4/4
  1386 | D:2      | Noticed Natasha
  1391 | D:2      | Killed Natasha
  1868 | D:3      | Reached XP level 5. HP: 34/42 MP: 5/5
  2008 | D:3      | Found an opulent altar of Gozag.
  2031 | D:3      | Reached XP level 6. HP: 38/49 MP: 6/6
  2505 | D:3      | Noticed Natasha
  2512 | D:3      | Killed Natasha
  2752 | D:4      | Reached skill level 5 in Shields
  2776 | D:4      | Reached XP level 7. HP: 36/55 MP: 7/7
  3012 | D:4      | Reached skill level 5 in Fighting
  3244 | D:4      | Noticed P0WERM0DE's ghost (amateur MfSk)
  3264 | D:4      | Killed P0WERM0DE's ghost
  3264 | D:4      | Reached skill level 5 in Armour
  3522 | D:5      | Entered Level 5 of the Dungeon
  3528 | D:5      | Reached XP level 8. HP: 37/63 MP: 8/8
  3697 | D:5      | Found a sacrificial altar of Ru.
  3702 | D:5      | Became a worshipper of Ru the Awakened
  3730 | D:5      | Noticed Menkaure
  3738 | D:5      | HP: 3/63 [Menkaure (18)]
  3738 | D:5      | Mangled by Menkaure

Vault maps used:
D:1:      evilmike_arrival_come_back
D:2:      first_bread, wad_woods_river_04, uniq_natasha
D:3:      old_standard_altar
D:5:      kennysheep_little_box, temple_doors_a, makhleb_heckhound_becter,
          uniq_crazy_yiuf_cottage, uniq_menkaure, uniq_eustachio, uniq_duvessa

Action                   |  1- 3 |  4- 6 |  7- 9 || total
-------------------------+-------+-------+-------++-------
Melee: War axe           |    98 |   162 |    79 ||   339
  Use: Scroll            |       |       |     1 ||     1
  Eat: Pizza             |     1 |       |       ||     1
       Bread ration      |       |     1 |       ||     1
       Meat ration       |       |       |     1 ||     1
